 Dungeon Crawl Stone Soup version 0.29-a0-620-g13ace881f2 (webtiles) character file.

Game seed: 8087878405869551316

1342 happo123 the Ruffian (level 8, -1/74 HPs)
             Began as a Troll Transmuter on June 18, 2022.
             Was a Follower of Okawaru.
             Slain by a steam dragon (10 damage)
             ... on level 6 of the Dungeon.
             The game lasted 00:17:31 (4054 turns).

happo123 the Ruffian (Troll Transmuter)             Turns: 4054, Time: 00:17:31

Health: -1/74      AC:  4    Str: 19    XL:     8   Next: 35%
Magic:  10/10      EV: 11    Int: 11    God:    Okawaru [*.....]
Gold:   236        SH:  0    Dex: 16    Spells: 8/11 levels left

rFire   . . .      SeeInvis .     - Unarmed
rCold   . . .      Faith    .   (no shield)
rNeg    . . .      Spirit   .   a - +0 robe
rPois   .          Reflect  .   (helmet currently unavailable)
rElec   .          Harm     .   (no cloak)
rCorr   .          Rampage  .   (gloves unavailable)
Will    .....                   (boots unavailable)
Stlth   +.........              n - amulet of magic regeneration
HPRegen 1.02/turn               d - +4 ring of slaying
MPRegen 0.52/turn               G - +6 ring of dexterity

@: appendages
A: horns 2, talons 2, large, unfitting armour, claws 3, regeneration 1, shaggy
fur 1, tough skin 1
a: End Transformation, Renounce Religion, Heroism


You were on level 6 of the Dungeon.
You worshipped Okawaru.
Okawaru was aware of your devotion.
You had temporarily grown beastly horns and talons.
You visited 2 branches of the dungeon, and saw 7 of its levels.

You collected 236 gold pieces.

Inventory:

Missiles
 x - a throwing net
Armour
 a - a +0 robe (worn)
Magical Staves
 p - a staff of poison
 F - a staff of fire
Jewellery
 d - a +4 ring of slaying (left claw)
 j - a ring of ice
 n - an amulet of magic regeneration (around neck)
 A - a ring of poison resistance
 G - a +6 ring of dexterity (right claw)
Wands
 r - a wand of quicksilver (18)
 t - a wand of mindburst (18)
 C - a wand of iceblast (10)
Scrolls
 e - 4 scrolls of teleportation
 k - a scroll of identify
 l - 3 scrolls of enchant armour
 q - 2 scrolls of fog {unknown}
 u - a scroll of blinking {unknown}
 v - 3 scrolls of immolation
 w - a scroll of summoning {unknown}
 y - 2 scrolls of amnesia
 D - a scroll of enchant weapon {unknown}
 E - a scroll of acquirement {unknown}
Potions
 b - 4 potions of lignification
 c - 3 potions of might {unknown}
 f - 5 potions of berserk rage
 g - a potion of haste {unknown}
 h - 3 potions of curing {unknown}
 i - a potion of resistance {unknown}
 m - 3 potions of brilliance
 o - a potion of mutation {unknown}
 s - a potion of flight {unknown}
 z - a potion of cancellation {unknown}
 B - a potion of ambrosia {unknown}
 H - a potion of heal wounds {unknown}
 I - a potion of degeneration {unknown}


   Skills:
 + Level 2.9 Fighting
 + Level 3.2 Dodging
 * Level 6.0 Unarmed Combat
 + Level 2.4 Spellcasting
 * Level 4.1 Transmutations
 + Level 2.3 Ice Magic


You had 8 spell levels left.
You knew the following spells:

 Your Spells              Type           Power      Damage    Failure   Level
a - Beastly Appendage     Tmut           20%        N/A       4%          1
b - Wereblood             Tmut           10%        N/A       8%          2

Your spell library contained the following spells:

 Spells                   Type           Power      Damage    Failure   Level
 Ensorcelled Hibernation  Hex/Ice        6%         N/A       26%         2
 Slow                     Hex            4%         N/A       28%         1
 Spider Form              Tmut/Pois      5%         N/A       34%         3
 Ice Form                 Ice/Tmut       8%         N/A       58%         4
 Confusing Touch          Hex            1%         N/A       63%         3
 Vampiric Draining        Necr           1%         2d6       63%         3
 Anguish                  Hex/Necr       0%         N/A       95%         4


Dungeon Overview and Level Annotations

Branches:
Dungeon (6/15)             Temple (1/1) D:5

Altars:
Ashenzari
Cheibriados
Dithmenos
Elyvilon
Fedhas
Gozag
Hepliaklqana
Kikubaaqudgha
Makhleb
Nemelex Xobeh
Okawaru
Qazlal
Ru
Sif Muna
Trog
Uskayaw
Vehumet
Wu Jian
Xom
Yredelemnul
Zin
The Shining One


Innate Abilities, Weirdness & Mutations

You have temporarily grown beastly horns and talons.
You are too large for most types of armour.
You have claws for hands.
Your natural rate of healing is unusually fast.
You are covered in fur. (AC +1)
You have tough skin. (AC +1)


Message History

The steam dragon misses you. The steam dragon claws you.
You scratch the steam dragon. You claw the steam dragon.
The steam dragon is lightly wounded.
The steam dragon breathes steam at you. The ball of steam hits you.
You closely miss the steam dragon.
The steam dragon is lightly wounded.
You are engulfed in a cloud of scalding steam.
You scratch the steam dragon but do no damage.
You claw the steam dragon. You headbutt the steam dragon.
The steam dragon is heavily wounded.
You are engulfed in a cloud of scalding steam.
The steam dragon completely misses you.
The steam dragon claws you but does no damage.
You completely miss the steam dragon. Your kick misses the steam dragon.
You headbutt the steam dragon.
The steam dragon is severely wounded.
You are engulfed in a cloud of scalding steam.
The steam dragon misses you. The steam dragon barely misses you.
You closely miss the steam dragon. Your kick misses the steam dragon.
The steam dragon is severely wounded.
You are engulfed in a cloud of scalding steam.
The steam dragon bites you. The steam dragon claws you.
You barely miss the steam dragon.
You claw the steam dragon, but do no damage.
The steam dragon is severely wounded.
You are engulfed in a cloud of scalding steam.
The steam dragon breathes steam at you. The ball of steam hits you!
* * * LOW HITPOINT WARNING * * *
You scratch the steam dragon but do no damage.
Your kick misses the steam dragon.
The steam dragon is severely wounded.
The steam dragon bites you!
* * * LOW HITPOINT WARNING * * *
The steam dragon barely misses you.
You completely miss the steam dragon.
The steam dragon is severely wounded.
The steam dragon bites you!
You die...

.#.# .# .# ########
.......#############..#
..............ยงยง@D...>#
.......##########################
.......# #.................
.####### #.################ .#
#.#............... .#
#.#.############## .# #.#.# .#
#.#.# .# #.#.#


You could see a steam dragon (catching breath).

Vanquished Creatures
  Menkaure (D:6)
  A water moccasin (D:6)
  A centaur (D:6)
  A scorpion (D:4)
  4 wights (D:6)
  5 hounds
  2 orc priests
  A jelly (D:5)
  2 orc wizards
  Natasha (thrice) (D:2)
  4 iguanas
  5 adders
  11 gnolls
  3 shadow imps
  4 white imps
  3 ufetubi
  2 worms (D:2)
  2 dart slugs
  7 orcs
  8 endoplasms
  3 giant cockroaches
  3 goblins
  5 hobgoblins
  5 jackals
  4 kobolds
  3 quokkas
  7 ball pythons
  3 bats
  6 rats
109 creatures vanquished.

Notes
Turn   | Place    | Note
-------+----------+-------------------------------------------
     0 | D:1      | happo123 the Troll Transmuter began the quest for the Orb.
     0 | D:1      | Reached XP level 1. HP: 18/18 MP: 1/1
   660 | D:2      | Noticed Natasha
   666 | D:2      | Killed Natasha
   667 | D:2      | Reached skill level 1 in Fighting
   667 | D:2      | Reached XP level 2. HP: 5/27 MP: 0/3
   667 | D:2      | Reached XP level 3. HP: 6/33 MP: 0/4
   670 | D:2      | Learned a level 2 spell: Wereblood
   745 | D:2      | Noticed Natasha
   752 | D:2      | Killed Natasha
   760 | D:2      | Reached XP level 4. HP: 41/41 MP: 5/5
  1015 | D:2      | Noticed Natasha
  1023 | D:2      | Killed Natasha
  1080 | D:2      | Reached XP level 5. HP: 48/48 MP: 6/6
  1086 | D:2      | Reached skill level 4 in Unarmed Combat
  1086 | D:2      | Reached skill level 1 in Ice Magic
  1973 | D:4      | Reached XP level 6. HP: 51/57 MP: 7/7
  2632 | D:5      | Entered Level 5 of the Dungeon
  2729 | D:5      | Found a staircase to the Ecumenical Temple.
  2740 | D:5      | Reached XP level 7. HP: 61/65 MP: 7/9
  2744 | Temple   | Entered the Ecumenical Temple
  2996 | Temple   | Became a worshipper of Warmaster Okawaru
  3097 | D:5      | Found a snail-covered altar of Cheibriados.
  3165 | D:5      | Reached skill level 5 in Unarmed Combat
  3535 | D:6      | Reached * piety under Okawaru
  3586 | D:6      | Reached XP level 8. HP: 59/74 MP: 10/10
  3892 | D:6      | Noticed Menkaure
  3899 | D:6      | Killed Menkaure
  3900 | D:6      | Reached skill level 6 in Unarmed Combat
  4054 | D:6      | Slain by a steam dragon

Illustrated notes

Levels and vault maps discovered:
D:1:      psy_arrival_conway, layout_basic
D:2:      layout_rooms, minmay_cupped, uniq_natasha
D:3:      layout_basic
D:4:      layout_basic
D:5:      layout_cave_pools, kennysheep_mini_moat,
          minmay_temple_entry_large_hall, serial_demonic, serial_demonic_b,
          serial_demonic_a, serial_demonic_f, serial_demonic_a,
          hangedman_decor_diamond_cutter
D:6:      layout_basic, dreamdust_gnoll_farm, uniq_menkaure, uniq_pikel
Temple:   regret_index_temple_sigil_plot

Skill      XL: |  1  2  3  4  5  6  7  8 |
---------------+-------------------------+-----
Fighting       | 1 2 |  2.9
Transmutations | 2 3 4 |  4.1
Dodging        | 2 3 |  3.2
Unarmed Combat | 4 5 6 |  6.0
Ice Magic      | 1 2 |  2.3
Spellcasting   | 2 |  2.4

Action                   |  1- 3 |  4- 6 |  7- 9 || total
-------------------------+-------+-------+-------++-------
Melee: Unarmed           |    23 |   126 |    85 ||   234
       Punch             |     1 |     3 |       ||     4
       Kick              |     2 |    16 |    12 ||    30
       Headbutt          |     1 |     8 |    12 ||    21
 Cast: Beastly Appendage |     3 |    14 |    11 ||    28
       Wereblood         |       |     3 |     3 ||     6
  Use: Scroll            |       |     4 |     2 ||     6
Armor: Robe              |     8 |    33 |    20 ||    61
Dodge: Dodged            |    16 |    54 |    73 ||   143

Table legend: (Time is in decaauts)
 A = Elapsed time spent in this place.
 B = Non-inter-level travel time spent in this place.
 C = Inter-level travel time spent in this place.
 D = Time resting spent in this place.
 E = Time spent auto-exploring this place.
 F = Levels seen in this place.
 G = Mean time per level.
                   A        B        C        D        E       F      G
               +--------+--------+--------+--------+--------+-----+--------+
         Total |   4048 |   3585 |    463 |      0 |   2750 |   7 |  578.3 |
       Dungeon |   3777 |   3340 |    437 |      0 |   2524 |   6 |  629.5 |
        Temple |    270 |    244 |     26 |      0 |    226 |   1 |  270.0 |
               +--------+--------+--------+--------+--------+-----+--------+

Top non-repeatable levels by time:
     D:3: 817 daAuts
     D:1: 664 daAuts
     D:4: 662 daAuts
     D:6: 588 daAuts
     D:5: 552 daAuts
     D:2: 493 daAuts
  Temple: 270 daAuts
